HSSL
ROCKY POINT HS EAGLES @ JEFFERSONVILLE-YOUNGSVILLE CENTRAL HS TROJANS
04/03/2030
 
TOP OF THE 1ST
Rocky Point HS Eagles batting - Pitching for Jeffersonville-Youngsville Central HS Trojans : RHP Tim Beach
Pitching: RHP Tim Beach
Batting: RHB Pat Mills 0-0: Called Strike
0-1: Foul Ball, location: 2F
0-2: Ball
1-2: SINGLE (Groundball, 6MD)
Batting: RHB Corey Martin 0-0: Called Strike
0-1: Foul Ball, location: 2F
0-2: Ball
1-2: Ball
2-2: 2-RUN HOME RUN (Flyball, 9LD), Distance : 366 ft
Batting: LHB Daryl Thomas 0-0: Ball
1-0: Foul Ball, location: 2F
1-1: Swinging Strike
1-2: Strikes out swinging
Batting: RHB Yan Gosselin 0-0: Ball
1-0: Foul Ball, location: 2F
1-1: Swinging Strike
1-2: Foul Ball, location: 2F
1-2: Strikes out swinging
Batting: LHB Stanton Moore 0-0: Ball
1-0: Ball
2-0: DOUBLE (Line Drive, 7LM)
Batting: RHB Glen Williams 0-0: Ball
1-0: Ball
2-0: Ball
3-0: Called Strike
3-1: Foul Ball, location: 2F
3-2: Base on Balls
Batting: SHB Joey Martin 0-0: Foul Ball, location: 2F
0-1: Ball
1-1: Ball
2-1: Foul Ball, location: 2F
2-2: Fly out, F5 (Popup, 5SF)
Top of the 1st over - 2 runs, 3 hits, 0 errors, 2 left on base; Rocky Point HS 2 - Jeffersonville-Youngsville Central HS 0
BOTTOM OF THE 1ST
Jeffersonville-Youngsville Central HS Trojans batting - Pitching for Rocky Point HS Eagles : RHP Franklyn DeMars
Pitching: RHP Franklyn DeMars
Batting: LHB Tony Chávez 0-0: Ball
1-0: Foul Ball, location: 2F
1-1: Called Strike
1-2: Ball
2-2: Ball
3-2: Fly out, F7 (Flyball, 7)
Batting: RHB Murray Jackson 0-0: Foul Ball, location: 2F
0-1: Ball
1-1: Foul Ball, location: 2F
1-2: Ball
2-2: Fly out, F8 (Flyball, 8LS)
Now in CF: Kevin Gibson
Batting: LHB Steve Parker 0-0: Swinging Strike
0-1: Called Strike
0-2: Ball
1-2: Strikes out looking
Bottom of the 1st over - 0 runs, 0 hits, 0 errors, 0 left on base; Rocky Point HS 2 - Jeffersonville-Youngsville Central HS 0
TOP OF THE 2ND
Rocky Point HS Eagles batting - Pitching for Jeffersonville-Youngsville Central HS Trojans : RHP Tim Beach
Batting: RHB Kevin Gibson 0-0: Swinging Strike
0-1: Foul Ball, location: 2F
0-2: Foul Ball, location: 2F
0-2: Foul Ball, location: 2F
0-2: Ball
1-2: Foul Ball, location: 2F
1-2: SINGLE (Line Drive, 9LS)
Batting: RHB Sam McWalter 0-0: Swinging Strike
0-1: Ball
1-1: Swinging Strike
1-2: Foul Ball, location: 2F
1-2: Fly out, F9 (Line Drive, 9)
Batting: RHB Pat Mills 0-0: Ball
1-0: Swinging Strike
1-1: SINGLE (Line Drive, 78S)
Kevin Gibson to second
Batting: RHB Corey Martin 0-0: Ball
1-0: Ball
2-0: Foul Ball, location: 2F
2-1: Fielders Choice at 2nd, 6-4 (Groundball, 6)
Kevin Gibson to third
Batting: LHB Daryl Thomas 0-0: Ball
Corey Martin is caught stealing 2nd base
Top of the 2nd over - 0 runs, 2 hits, 0 errors, 1 left on base; Rocky Point HS 2 - Jeffersonville-Youngsville Central HS 0
BOTTOM OF THE 2ND
Jeffersonville-Youngsville Central HS Trojans batting - Pitching for Rocky Point HS Eagles : RHP Franklyn DeMars
Batting: RHB Glenn Brooks 0-0: Called Strike
0-1: Ball
1-1: Reached via error on a dropped throw, E3
Batting: LHB Ed Williams 0-0: Called Strike
0-1: Swinging Strike
0-2: Foul Ball, location: 2F
0-2: Strikes out swinging
Batting: RHB Bob Perkins 0-0: SINGLE (Flyball, 7LS)
Glenn Brooks to second
Batting: RHB Myron Preston 0-0: Ball
1-0: Ball
2-0: Called Strike
2-1: Ball
3-1: Foul Ball, location: 2F
3-2: Foul Ball, location: 2F
3-2: Foul Ball, location: 2F
3-2: SINGLE (Flyball, 8LS)
Glenn Brooks to third
Bob Perkins to second
Batting: RHB Jeff Valentine 0-0: Called Strike
0-1: Ball
1-1: Ball
2-1: SINGLE (Groundball, 4MS) (infield hit)
Glenn Brooks scores
Bob Perkins to third
Myron Preston to second
Batting: RHB John Goudie 0-0: Called Strike
0-1: Ball
1-1: Ball
2-1: Foul Ball, location: 2F
2-2: Ball
3-2: Foul Ball, location: 2F
3-2: Strikes out swinging
Batting: LHB Tony Chávez 0-0: Called Strike
0-1: Ball
1-1: Ball
2-1: Ball
3-1: Foul Ball, location: 2F
3-2: Ground out 4-3 (Groundball, 4M)
Bottom of the 2nd over - 1 run, 3 hits, 1 error, 3 left on base; Rocky Point HS 2 - Jeffersonville-Youngsville Central HS 1
TOP OF THE 3RD
Rocky Point HS Eagles batting - Pitching for Jeffersonville-Youngsville Central HS Trojans : RHP Tim Beach
Batting: LHB Daryl Thomas 0-0: Ball
1-0: Ball
2-0: Ball
3-0: Called Strike
3-1: SOLO HOME RUN (Line Drive, 7LD), Distance : 377 ft
Batting: RHB Yan Gosselin 0-0: Called Strike
0-1: Foul Ball, location: 2F
0-2: Ball
1-2: Ball
2-2: Foul Ball, location: 2F
2-2: SINGLE (Line Drive, 8RS)
Batting: LHB Stanton Moore 0-0: Ball
1-0: Swinging Strike
1-1: Called Strike
1-2: Strikes out swinging
Batting: RHB Glen Williams 0-0: Ball
1-0: SINGLE (Groundball, 5D)
Yan Gosselin to second
Batting: SHB Joey Martin 0-0: Called Strike
0-1: Foul Ball, location: 2F
0-2: Foul Ball, location: 2F
0-2: Ball
1-2: Strikes out looking
Batting: RHB Kevin Gibson 0-0: Called Strike
0-1: Swinging Strike
0-2: Ball
1-2: Strikes out swinging
Top of the 3rd over - 1 run, 3 hits, 0 errors, 2 left on base; Rocky Point HS 3 - Jeffersonville-Youngsville Central HS 1
BOTTOM OF THE 3RD
Jeffersonville-Youngsville Central HS Trojans batting - Pitching for Rocky Point HS Eagles : RHP Franklyn DeMars
Batting: RHB Murray Jackson 0-0: Ball
1-0: Called Strike
1-1: Ball
2-1: Ball
3-1: Called Strike
3-2: Base on Balls
Batting: LHB Steve Parker 0-0: Ball
1-0: Called Strike
1-1: Foul Ball, location: 2F
1-2: Fly out, F6 (Popup, 6M)
Batting: RHB Glenn Brooks 0-0: Foul Ball, location: 2F
0-1: Ball
1-1: Swinging Strike
1-2: Ball
2-2: SINGLE (Groundball, 56D)
Murray Jackson to second
Batting: LHB Ed Williams 0-0: Ball
1-0: Swinging Strike
1-1: Grounds into double play, 1-6-3 (Groundball, 13)
Bottom of the 3rd over - 0 runs, 1 hit, 0 errors, 1 left on base; Rocky Point HS 3 - Jeffersonville-Youngsville Central HS 1
TOP OF THE 4TH
Rocky Point HS Eagles batting - Pitching for Jeffersonville-Youngsville Central HS Trojans : RHP Tim Beach
Batting: RHB Sam McWalter 0-0: Ball
1-0: Swinging Strike
1-1: SINGLE (Line Drive, 8RS)
Pitching: LHP Gil LaSalle
Batting: RHB Pat Mills 0-0: Foul Ball, location: 2F
0-1: Ball
1-1: Swinging Strike
1-2: Foul Ball, location: 2F
1-2: Ball
2-2: Foul Ball, location: 2F
2-2: SINGLE (Line Drive, 78M)
Sam McWalter to second
Batting: RHB Corey Martin 0-0: Fly out, F5 (Line Drive, 56)
Batting: LHB Daryl Thomas 0-0: Fly out, F5 (Popup, 5D)
Batting: RHB Yan Gosselin 0-0: Ball
1-0: Ball
2-0: Ground out 4-3 (Groundball, 4)
Top of the 4th over - 0 runs, 2 hits, 0 errors, 2 left on base; Rocky Point HS 3 - Jeffersonville-Youngsville Central HS 1
BOTTOM OF THE 4TH
Jeffersonville-Youngsville Central HS Trojans batting - Pitching for Rocky Point HS Eagles : RHP Franklyn DeMars
Batting: RHB Bob Perkins 0-0: Ground out 4-3 (Groundball, 4)
Batting: RHB Myron Preston 0-0: Swinging Strike
0-1: Ball
1-1: Foul Ball, location: 2F
1-2: Ball
2-2: Ball
3-2: Base on Balls
Batting: RHB Jeff Valentine 0-0: Ball
1-0: Ball
2-0: Ball
3-0: Called Strike
3-1: Fly out, F4 (Popup, 4)
Batting: RHB John Goudie 0-0: Fly out, F5 (Popup, 56S)
Bottom of the 4th over - 0 runs, 0 hits, 0 errors, 1 left on base; Rocky Point HS 3 - Jeffersonville-Youngsville Central HS 1
TOP OF THE 5TH
Rocky Point HS Eagles batting - Pitching for Jeffersonville-Youngsville Central HS Trojans : LHP Gil LaSalle
Batting: LHB Stanton Moore 0-0: Called Strike
0-1: Fly out, F8 (Flyball, 8LM)
Batting: RHB Glen Williams 0-0: Called Strike
0-1: Foul Ball, location: 2F
0-2: Strikes out looking
Batting: SHB Joey Martin 0-0: Called Strike
0-1: Ball
1-1: SINGLE (Groundball, 4MD)
Batting: RHB Kevin Gibson 0-0: Foul Ball, location: 2F
0-1: Hit by Pitch
Joey Martin to second
Batting: RHB Sam McWalter 0-0: Ball
1-0: Foul Ball, location: 2F
1-1: Swinging Strike
1-2: Ball
2-2: Strikes out swinging
Top of the 5th over - 0 runs, 1 hit, 0 errors, 2 left on base; Rocky Point HS 3 - Jeffersonville-Youngsville Central HS 1
BOTTOM OF THE 5TH
Jeffersonville-Youngsville Central HS Trojans batting - Pitching for Rocky Point HS Eagles : RHP Franklyn DeMars
Batting: LHB Tony Chávez 0-0: Ball
1-0: Fly out, F7 (Flyball, 7)
Pitching: LHP Ron Parker
Batting: RHB Murray Jackson 0-0: Ball
1-0: Ball
2-0: Foul Ball, location: 2F
2-1: Foul Ball, location: 2F
2-2: Foul Ball, location: 2F
2-2: Strikes out swinging
Batting: LHB Steve Parker 0-0: Ball
1-0: Ball
2-0: Foul Ball, location: 2F
2-1: SOLO HOME RUN (Flyball, 9LD), Distance : 353 ft
Batting: RHB Glenn Brooks 0-0: Called Strike
0-1: Ball
1-1: Foul Ball, location: 2F
1-2: Fly out, F8 (Flyball, 89M)
Bottom of the 5th over - 1 run, 1 hit, 0 errors, 0 left on base; Rocky Point HS 3 - Jeffersonville-Youngsville Central HS 2
TOP OF THE 6TH
Rocky Point HS Eagles batting - Pitching for Jeffersonville-Youngsville Central HS Trojans : LHP Gil LaSalle
Batting: RHB Pat Mills 0-0: Ball
1-0: Fly out, F9 (Flyball, 9)
Batting: RHB Corey Martin 0-0: Foul Ball, location: 2F
0-1: Ball
1-1: Ground out 4-3 (Groundball, 4M)
Batting: LHB Daryl Thomas 0-0: Called Strike
0-1: Ball
1-1: Swinging Strike
1-2: Strikes out swinging
Top of the 6th over - 0 runs, 0 hits, 0 errors, 0 left on base; Rocky Point HS 3 - Jeffersonville-Youngsville Central HS 2
BOTTOM OF THE 6TH
Jeffersonville-Youngsville Central HS Trojans batting - Pitching for Rocky Point HS Eagles : LHP Ron Parker
Batting: LHB Ed Williams 0-0: Called Strike
0-1: Called Strike
0-2: Ball
1-2: Foul Ball, location: 2F
1-2: Ball
2-2: Foul Ball, location: 2F
2-2: Ball
3-2: Strikes out swinging
Batting: RHB Bob Perkins 0-0: Foul Ball, location: 2F
0-1: Ground out 4-3 (Groundball, 4M)
Batting: RHB Myron Preston 0-0: Ball
1-0: Ball
2-0: Swinging Strike
2-1: Foul Ball, location: 2F
2-2: Strikes out swinging
Bottom of the 6th over - 0 runs, 0 hits, 0 errors, 0 left on base; Rocky Point HS 3 - Jeffersonville-Youngsville Central HS 2
TOP OF THE 7TH
Rocky Point HS Eagles batting - Pitching for Jeffersonville-Youngsville Central HS Trojans : LHP Gil LaSalle
Batting: RHB Yan Gosselin 0-0: Foul Ball, location: 2F
0-1: TRIPLE (Flyball, 89XD)
Batting: LHB Stanton Moore 0-0: Ground out 6-3 (Groundball, 6M)
Batting: RHB Glen Williams 0-0: Intentional Walk
Batting: SHB Joey Martin 0-0: Called Strike
0-1: Ball
1-1: Foul Ball, location: 2F
1-2: Ball
2-2: Strikes out swinging
Pinch Hitting: LHB Mark McGillis 0-0: Called Strike
0-1: Swinging Strike
0-2: Ball
1-2: Foul Ball, location: 2F
1-2: Ball
2-2: Foul Ball, location: 2F
2-2: Ball
3-2: Foul Ball, location: 2F
3-2: Strikes out swinging
Top of the 7th over - 0 runs, 1 hit, 0 errors, 2 left on base; Rocky Point HS 3 - Jeffersonville-Youngsville Central HS 2
BOTTOM OF THE 7TH
Jeffersonville-Youngsville Central HS Trojans batting - Pitching for Rocky Point HS Eagles : LHP Ron Parker
Now in CF: Mark McGillis
Batting: RHB Jeff Valentine 0-0: Called Strike
0-1: Swinging Strike
0-2: Ball
1-2: Foul Ball, location: 2F
1-2: Ball
2-2: Ball
3-2: Foul Ball, location: 2F
3-2: Strikes out swinging
Batting: RHB John Goudie 0-0: Called Strike
0-1: Foul Ball, location: 2F
0-2: TRIPLE (Line Drive, 78XD)
Batting: LHB Tony Chávez 0-0: Fly out, F2 (Popup, 2LF)
Batting: RHB Murray Jackson 0-0: Swinging Strike
0-1: Ball
1-1: Swinging Strike
1-2: Ball
2-2: Ball
3-2: Base on Balls
Batting: LHB Steve Parker 0-0: Ball
1-0: Ground out 4-3 (Groundball, 4)
Bottom of the 7th over - 0 runs, 1 hit, 0 errors, 2 left on base; Rocky Point HS 3 - Jeffersonville-Youngsville Central HS 2
TOP OF THE 8TH
Rocky Point HS Eagles batting - Pitching for Jeffersonville-Youngsville Central HS Trojans : LHP Gil LaSalle
Batting: RHB Sam McWalter 0-0: Ball
1-0: Swinging Strike
1-1: Ball
2-1: Foul Ball, location: 2F
2-2: Strikes out looking
Batting: RHB Pat Mills 0-0: Called Strike
0-1: Ball
1-1: SINGLE (Groundball, 6D)
Pitching: RHP Marvin Weaver
Batting: RHB Corey Martin 0-0: Called Strike
0-1: Called Strike
0-2: Ball
1-2: Strikes out swinging
Batting: LHB Daryl Thomas 0-0: Ball
Pat Mills steals 2nd base
1-0: Called Strike
1-1: Foul Ball, location: 2F
1-2: Ball
2-2: Foul Ball, location: 2F
2-2: Fly out, F4 (Line Drive, 4)
Top of the 8th over - 0 runs, 1 hit, 0 errors, 1 left on base; Rocky Point HS 3 - Jeffersonville-Youngsville Central HS 2
BOTTOM OF THE 8TH
Jeffersonville-Youngsville Central HS Trojans batting - Pitching for Rocky Point HS Eagles : LHP Ron Parker
Now at 2B: Dave Richardson
Batting: RHB Glenn Brooks 0-0: Foul Ball, location: 2F
0-1: Foul Ball, location: 2F
0-2: Strikes out swinging
Batting: LHB Ed Williams 0-0: Called Strike
0-1: Ball
1-1: Single, Error in OF, E8, batter to second base
Pitching: LHP Brian Goulet
Batting: RHB Bob Perkins 0-0: SINGLE (Groundball, 4MD)
Ed Williams to third
Batting: RHB Myron Preston 0-0: Ball
1-0: Grounds into double play, 6-4-3 (Groundball, 6)
Bottom of the 8th over - 0 runs, 2 hits, 1 error, 1 left on base; Rocky Point HS 3 - Jeffersonville-Youngsville Central HS 2
TOP OF THE 9TH
Rocky Point HS Eagles batting - Pitching for Jeffersonville-Youngsville Central HS Trojans : RHP Marvin Weaver
Batting: RHB Yan Gosselin 0-0: Fly out, F9 (Flyball, 9)
Batting: LHB Stanton Moore 0-0: Called Strike
0-1: Ground out 1-3 (Groundball, P)
Batting: RHB Glen Williams 0-0: Called Strike
0-1: Foul Ball, location: 2F
0-2: Strikes out swinging
Top of the 9th over - 0 runs, 0 hits, 0 errors, 0 left on base; Rocky Point HS 3 - Jeffersonville-Youngsville Central HS 2
BOTTOM OF THE 9TH
Jeffersonville-Youngsville Central HS Trojans batting - Pitching for Rocky Point HS Eagles : LHP Brian Goulet
Pitching: RHP Hamilton Borges
Batting: RHB Jeff Valentine 0-0: Ball
1-0: Ball
2-0: Ground out 6-3 (Groundball, 6)
Batting: RHB John Goudie 0-0: Ball
1-0: Called Strike
1-1: Ball
2-1: Foul Ball, location: 2F
2-2: Ball
3-2: Strikes out swinging
Batting: LHB Tony Chávez 0-0: Called Strike
0-1: Foul Ball, location: 2F
0-2: Ball
1-2: SINGLE (Line Drive, 9D)
Batting: RHB Murray Jackson 0-0: Called Strike
0-1: Ball
1-1: Ball
2-1: SINGLE (Flyball, 4D)
Tony Chávez to second
Runner from 2nd tries for 3rd, OUT!
Bottom of the 9th over - 0 runs, 2 hits, 0 errors, 1 left on base; Rocky Point HS 3 - Jeffersonville-Youngsville Central HS 2
Saturday, April 7th, 2018 - OOTP Baseball 18.8 Build 76